Map: [ESL] Cosmic Sapphire

Players

Neeb - Winner!

  • Race: Protoss Protoss
  • Spawn Location: 5:00

GungFuBanDa

  • Race: Protoss Protoss
  • Spawn Location: 11:00

Event: DreamHack SC2 Masters 2022 Atlanta (Offline)

VOD

Have the link to the VOD?

Description

Time

  • Played on: Nov. 18, 2022, 8:05 p.m.
  • Length: 10:55

All games in this series

Show
View Real Time Build Order
Export as new Build Order

Neeb Protoss - Winner!

Build Orders: 1 Gate Expand, Oracle Opening 

Get SALT Encoding   

  12  0:00  Probe  
  13  0:12  Probe  
  14  0:18  Pylon  
  14  0:24  Probe (Chrono Boost)  
  15  0:36  Probe (Chrono Boost)  
  15  0:38  Gateway  
  16  0:45  Probe (Chrono Boost)  
  16  0:46  Assimilator  
  17  0:50  Probe  
  18  1:03  Probe  
  19  1:15  Probe  
  20  1:22  Nexus  
  20  1:31  Cybernetics Core  
  20  1:35  Probe  
  21  1:40  Assimilator  
  21  1:47  Probe  
  21  1:49  Pylon  
  22  1:59  Probe (Chrono Boost)  
  23  2:05  Stalker (Chrono Boost)  
  26  2:08  Warp Gate, Probe (Chrono Boost)  
  26  2:13  Probe (Chrono Boost)  
  27  2:20  Gateway  
  27  2:25  Probe  
  27  2:29  Sentry (Chrono Boost)  
  30  2:34  Probe  
  30  2:38  Shield Battery  
  30  2:39  Probe  
  30  2:43  Oracle  
  31  2:46  Probe  
  31  2:47  Stalker (Chrono Boost)  
  34  2:51  Probe  
  35  2:59  Probe  
  35  3:03  Probe  
  37  3:08  Pylon  
  37  3:11  Stalker  
  40  3:15  Probe  
  40  3:16  Stalker  
  40  3:18  Probe  
  43  3:26  Pylon  
  43  3:28  Probe (Chrono Boost)  
  43  3:30  Probe (Chrono Boost)  
  47  3:42  Twilight Council, Probe (Chrono Boost)  
  47  3:46  Probe (Chrono Boost)  
  47  3:49  Probe (Chrono Boost)  
  47  3:53  Probe (Chrono Boost)  
  49  3:56  Probe  
  49  3:57  Robotics Facility  
  49  4:00  Assimilator  
  50  4:04  Probe, Stalker x2  
  50  4:08  Probe  
  56  4:10  Pylon  
  56  4:11  Blink (Chrono Boost)  
  56  4:16  Probe  
  57  4:21  Gateway  
  57  4:26  Gateway  
  57  4:29  Adept x2  
  62  4:43  Pylon  
  62  4:45  Observer  
  62  4:47  Nexus  
  62  4:50  Probe x2  
  64  4:53  Pylon  
  64  4:57  Stalker  
  66  5:02  Stalker  
  68  5:15  Pylon  
  68  5:17  Stalker  
  68  5:18  Warp Prism (Chrono Boost)  
  68  5:20  Stalker  
  70  5:25  Stalker  
  70  5:27  Probe  
  73  5:31  Stalker  
  75  5:37  Probe  
  75  5:39  Probe  
  75  5:41  Stalker  
  79  5:43  Stalker  
  79  5:48  Stalker  
  83  5:51  Probe  
  83  5:54  Shield Battery  
  83  6:01  Stalker  
  83  6:03  Probe  
  83  6:06  Stalker  
  83  6:07  Adept  
  83  6:08  Probe (Chrono Boost)  
  86  6:15  Stalker  
  86  6:18  Probe x2 (Chrono Boost)  
  86  6:21  Probe (Chrono Boost)  
  86  6:27  Probe x2 (Chrono Boost)  
  86  6:28  Probe (Chrono Boost)  
  89  6:33  Probe  
  89  6:35  Probe  
  89  6:38  Probe  
  92  6:42  Adept, Stalker  
  92  6:46  Probe  
  97  6:47  Probe, Stalker x2  
  97  6:50  Probe  
  103  6:56  Pylon  
  103  6:58  Probe, Pylon  
  103  7:00  Observer, Probe  
  106  7:06  Probe  
  107  7:12  Adept x2  
  107  7:14  Probe  
  110  7:18  Probe, Forge  
  109  7:26  Adept  
  109  7:27  Adept  
  109  7:28  Probe  
  108  7:35  Probe  
  108  7:36  Stalker x2  
  108  7:37  Probe  
  108  7:39  Observer  
  108  7:44  Protoss Ground Weapons Level 1 (Chrono Boost)  
  90  7:46  Probe  
  90  7:48  Immortal (Chrono Boost)  
  90  7:51  Stalker x2  
  83  7:56  Gateway  
  83  7:57  Gateway  
  87  7:59  Gateway  
  87  8:00  Gateway  
  87  8:05  Assimilator x2  
  85  8:07  Probe  
  85  8:10  Stalker x2  
  90  8:22  Probe  
  90  8:23  Immortal (Chrono Boost), Probe  
  90  8:24  Charge (Chrono Boost), Probe  
  97  8:33  Stalker  
  98  8:36  Zealot x2  
  98  8:37  Pylon x2  
  98  8:39  Assimilator  
  98  8:40  Probe x3  
  105  8:41  Pylon  
  105  8:52  Stalker x3  
  111  8:57  Photon Cannon  
  111  9:01  Photon Cannon  
  111  9:02  Observer, Probe  
  112  9:04  Stalker x4  
  120  9:17  Cybernetics Core, Stalker x3  
  120  9:22  Observer, Pylon  
  126  9:28  Nexus  
  126  9:47  Zealot x7  
  126  9:49  Zealot  
  140  9:56  Observer  
  138  10:07  Zealot x4  
  138  10:08  Zealot  
  148  10:18  Templar Archives  
  142  10:30  Zealot x5  
  134  10:45  Zealot x3  
  134  10:48  Photon Cannon  
Show
View Real Time Build Order
Export as new Build Order

GungFuBanDa Protoss 

Build Orders: Phoenix Opening, Blink Stalkers 

Get SALT Encoding   

  12  0:00  Probe  
  13  0:12  Probe  
  14  0:18  Pylon  
  14  0:24  Probe (Chrono Boost)  
  15  0:37  Probe (Chrono Boost), Gateway  
  16  0:45  Probe (Chrono Boost)  
  16  0:46  Assimilator  
  17  0:51  Probe  
  17  0:54  Assimilator  
  18  1:03  Probe (Chrono Boost)  
  19  1:06  Gateway  
  19  1:12  Probe (Chrono Boost)  
  19  1:17  Probe (Chrono Boost)  
  20  1:24  Cybernetics Core  
  21  1:29  Probe  
  22  1:39  Pylon  
  22  1:41  Probe  
  23  2:00  Stalker  
  23  2:01  Stalker  
  28  2:02  Warp Gate  
  28  2:03  Probe  
  28  2:18  Shield Battery  
  28  2:21  Pylon  
  28  2:35  Probe  
  29  2:41  Nexus  
  28  2:45  Sentry  
  28  2:51  Sentry, Probe (Chrono Boost)  
  33  3:01  Probe (Chrono Boost)  
  34  3:05  Shield Battery  
  34  3:08  Probe  
  34  3:12  Twilight Council  
  35  3:20  Probe (Chrono Boost)  
  35  3:25  Pylon  
  36  3:32  Probe (Chrono Boost)  
  37  3:37  Probe (Chrono Boost)  
  38  3:44  Blink (Chrono Boost)  
  39  3:49  Probe (Chrono Boost)  
  39  3:51  Phoenix  
  39  3:53  Probe (Chrono Boost)  
  40  4:02  Probe (Chrono Boost)  
  42  4:03  Probe (Chrono Boost)  
  42  4:07  Probe (Chrono Boost), Stalker  
  45  4:10  Probe, Stalker  
  48  4:19  Probe  
  48  4:22  Probe  
  48  4:23  Gateway  
  50  4:30  Stalker  
  52  4:31  Probe  
  52  4:37  Stalker  
  55  4:43  Probe  
  55  4:44  Probe  
  57  4:46  Pylon  
  57  4:51  Pylon  
  57  4:55  Probe  
  57  4:57  Stalker  
  60  5:01  Stalker  
  60  5:03  Shield Battery  
  60  5:04  Probe  
  61  5:07  Probe  
  59  5:16  Probe  
  59  5:18  Gateway  
  59  5:19  Probe  
  60  5:22  Adept x2  
  60  5:26  Stalker  
  66  5:29  Probe  
  66  5:31  Probe  
  68  5:36  Pylon  
  68  5:41  Probe  
  69  5:44  Stalker  
  69  5:45  Stalker  
  73  5:50  Stalker  
  71  6:07  Nexus  
  71  6:08  Shield Battery  
  71  6:12  Sentry, Stalker  
  71  6:17  Stalker  
  75  6:19  Shield Battery  
  73  6:28  Probe  
  73  6:29  Probe  
  73  6:31  Assimilator, Stalker  
  77  6:35  Pylon  
  77  6:37  Robotics Facility  
  77  6:40  Probe, Pylon  
  78  6:53  Forge, Probe x2  
  80  6:56  Stalker x3  
  86  7:05  Probe x2  
  86  7:17  Probe  
  86  7:20  Stalker x3  
  92  7:32  Probe (Chrono Boost)  
  92  7:36  Probe (Chrono Boost)  
  83  7:40  Robotics Facility  
  83  7:43  Stalker x3  
  80  7:48  Probe (Chrono Boost)  
  80  7:49  Probe (Chrono Boost)  
  72  7:52  Probe (Chrono Boost)  
  72  7:54  Probe  
  72  7:57  Probe  
  75  8:01  Photon Cannon, Pylon  
  75  8:04  Probe  
  75  8:07  Probe  
  75  8:09  Probe, Stalker x2  
  75  8:10  Stalker  
  83  8:16  Probe  
  83  8:19  Probe  
  85  8:21  Probe  
  85  8:23  Protoss Ground Weapons Level 1 (Chrono Boost)  
  86  8:27  Stalker  
  86  8:28  Probe  
  86  8:31  Probe, Photon Cannon  
  86  8:33  Stalker x2  
  86  8:34  Probe  
  95  8:37  Stalker  
  95  8:40  Probe  
  98  8:42  Assimilator  
  98  8:43  Observer  
  99  8:54  Assimilator  
  99  8:56  Probe x2, Pylon  
  99  8:57  Assimilator  
  99  8:58  Probe  
  102  9:04  Observer  
  102  9:05  Photon Cannon  
  102  9:08  Probe  
  102  9:09  Pylon  
  104  9:16  Robotics Bay  
  104  9:27  Probe  
  104  9:29  Probe  
  105  9:34  Sentry, Stalker x2  
  110  9:39  Gateway x2  
  110  9:43  Gateway x2  
  109  9:48  Pylon  
  107  10:00  Stalker x3  
  107  10:04  Disruptor (Chrono Boost)  
  107  10:07  Pylon  
  113  10:10  Dark Shrine  
  116  10:14  Shield Battery  
  116  10:16  Pylon  
  116  10:20  Shield Battery  
  116  10:24  Pylon  
  109  10:30  Stalker x3  
  109  10:32  Probe  
  109  10:33  Shield Battery  
Tags
 
Add a new tag
Caveats
  • Supply blocks, unpowered buildings, or Contaminate may cause inaccurate times.
  • Supply counts are checked every 10 seconds.